 Dungeon Crawl Stone Soup version 0.30-a0-596-g0af90f9a20 (webtiles) character file.

Game seed: 9715130918053350482

2826 Zonian the Covert (level 9, -4/42 HPs)
             Began as a Vine Stalker Brigand on Jan 7, 2023.
             Was a Follower of Uskayaw.
             Slain by a killer bee (5 damage)
             ... on level 8 of the Dungeon.
             The game lasted 00:17:06 (7964 turns).

Zonian the Covert (Vine Stalker Brigand)            Turns: 7964, Time: 00:17:07

Health: -4/42      AC:  7    Str: 13    XL:     9   Next: 73%
Magic:  0/23       EV: 17    Int: 11    God:    Uskayaw [*.....]
Gold:   350        SH:  0    Dex: 21    Spells: 8/8 levels left

rFire   . . .      SeeInvis .    a - +5 dagger (flame)
rCold   . . .      Faith    .    (no shield)
rNeg    . . .      Spirit   +    b - +0 robe
rPois   .          Reflect  .    u - +0 helmet
rElec   .          Harm     .    n - +1 cloak
rCorr   .          Rampage  .    (no gloves)
Will    +....                    B - +1 pair of boots
Stlth   +++++                    f - amulet of magic regeneration
HPRegen 1.07/turn                m - +5 ring of evasion
MPRegen 0.58/turn                L - ring of magical power

@: lethally poisoned (-4 -> -18)
A: fangs 3, regeneration 1, magic shield, antimagic bite, no potion heal 2
a: Renounce Religion, Stomp


You were on level 8 of the Dungeon.
You worshipped Uskayaw.
Uskayaw was noncommittal.
You visited 2 branches of the dungeon, and saw 9 of its levels.

You collected 483 gold pieces.
You spent 133 gold pieces at shops.

Inventory:

Hand Weapons
 a - a +5 dagger of flaming (weapon)
 o - a +0 sling
 t - a +0 short sword
 H - a +1 hand crossbow of freezing
 J - a +0 broad axe
 M - a +2 long sword of draining
 N - a +1 broad axe of venom
Missiles
 d - 27 poisoned darts (quivered)
 e - 4 curare-tipped darts
 l - 6 boomerangs
 F - a throwing net
Armour
 b - a +0 robe (worn)
 c - a +1 cloak
 n - a +1 cloak (worn)
 u - a +0 helmet (worn)
 B - a +1 pair of boots (worn)
Jewellery
 f - an amulet of magic regeneration (around neck)
 h - a +6 ring of intelligence
 i - a +6 ring of strength
 m - a +5 ring of evasion (left hand)
 w - a ring of willpower
 K - a ring of wizardry
 L - a ring of magical power (right hand)
Wands
 r - a wand of digging (9)
 C - a wand of polymorph (4)
 G - a wand of paralysis (11)
Scrolls
 v - a scroll of silence
 x - 2 scrolls of teleportation
 y - a scroll of amnesia
 E - a scroll of brand weapon
 I - a scroll of fear
Potions
 g - 4 potions of flight
 j - 3 potions of attraction
 k - 6 potions of curing
 p - 2 potions of might
 q - 2 potions of magic
 s - 2 potions of brilliance {unknown}
 z - a potion of invisibility {unknown}
 A - 2 potions of mutation
 D - 4 potions of heal wounds


   Skills:
 - Level 1.9 Fighting
 + Level 8.6 Short Blades
 - Level 1.9 Throwing
 - Level 1.0 Dodging
 - Level 10.0 Stealth
 + Level 6.1 Invocations


You had 8 spell levels left.
You didn't know any spells.
Your spell library contained the following spells:

 Spells                   Type           Power      Damage    Failure   Level
 Foxfire                  Conj/Fire      0%         2x1d4     34%         1
 Sublimation of Blood     Necr           0%         N/A       47%         2
 Gell's Gravitas          Tloc           0%         N/A       71%         3
 Fireball                 Conj/Fire      0%         3d3       100%        5
 Summon Forest            Summ/Tloc      0%         N/A       100%        5
 Starburst                Conj/Fire      0%         6d3       100%        6
 Death's Door             Necr           0%         N/A       100%        9


Dungeon Overview and Level Annotations

Branches:
Dungeon (8/15)             Temple (1/1) D:6
   Lair: D:8-11

Altars:
Ashenzari
Dithmenos
Elyvilon
Hepliaklqana
Kikubaaqudgha
Makhleb
Nemelex Xobeh
Okawaru
Qazlal
Ru
Sif Muna
Trog
Uskayaw
Vehumet
Wu Jian
Xom
Yredelemnul
The Shining One

Shops:
D:7 (


Innate Abilities, Weirdness & Mutations

You have razor-sharp teeth.
Your natural rate of healing is unusually fast.
When hurt, damage is shared between your health and your magic reserves.
Your bite disrupts and absorbs the magic of your enemies.
Potions cannot restore your health.


Message History

Something hits you but does no damage. The killer bee closely misses you.
Okay, then.
You hit the killer bee. You burn the killer bee.
Your bite misses the killer bee.
The killer bee is moderately wounded.
You feel sick. The killer bee closely misses you.
The killer bee completely misses you. The killer bee closely misses you.
Something hits you but does no damage. The killer bee stings you.
The killer bee closely misses you. The killer bee barely misses you.
The killer bee misses you.
You can now pass through a line of other dancers.
Unknown command.
Aiming: Line Pass
Press: ? - help, Dir - move target The killer bee appears confused.
You can no longer pass through a line of other dancers.
You feel very sick. The killer bee barely misses you.
The killer bee stings you but does no damage.
The killer bee misses you. The killer bee closely misses you. x2
The killer bee barely misses you.
Unknown command.
You feel sick. The killer bee barely misses you. The killer bee stings you.
* * * LOW HITPOINT WARNING * * *
The killer bee barely misses you.
The killer bee attacks as you move away!
The killer bee closely misses you. Something barely misses you.
You feel sick.
The killer bee seems less confused.
Something hits you.
* * * LOW HITPOINT WARNING * * *
The killer bee stings you!
* * * LOW HITPOINT WARNING * * *
You are lethally poisoned!
The killer bee poisons you! The killer bee misses you.
The killer bee stings you!
* * * LOW HITPOINT WARNING * * *
You are more poisoned.
The killer bee poisons you!
The killer bee attacks as you move away!
The killer bee stings you.
You die...

....# ##.##..###..
....#######.##..#..
..........##.##..#
#.............#..# #.#
#†######...##...### #.#
#.................# #.#
########.....)...># #.#
### ##...#
##.....yyy.## #.###.##
.....# ###.....@..#
#.##...### ##...#
###..y###.## #.#.......
##.## #...#
#.###.##.[.### #.#
#..## #.........).#
##.#########..##
##.#.#####.#.##
#...†..........###.##.#
#.#.##
##.#########..#...###.#
#.#.## ### #......# #.#
#.#... #.####.# #.#
#.####


You could see 4 killer bees.

Vanquished Creatures
  A shadow (D:6)
  Sigmund (D:5)
  2 acid dragons (D:8)
  3 water moccasins (D:7)
  2 ice beasts (D:7)
  A sky beast (D:6)
  An ogre (D:5)
  2 centaurs (D:8)
  A kobold brigand (D:8)
  5 bullfrogs
  A necrophage (D:5)
  3 scorpions
  A killer bee (D:8)
  4 howler monkeys
  4 hounds
  2 jellies
  3 orc priests
  Crazy Yiuf (D:6)
  An iguana (D:4)
  3 orc wizards
  8 adders
  4 shadow imps
  2 ufetubi
  2 worms (D:3)
  A dart slug (D:1)
  26 orcs
  10 ball pythons
  4 endoplasms
  3 giant cockroaches
  8 goblins
  3 hobgoblins
  8 jackals (D:1)
  4 quokkas
  10 bats
  5 frilled lizards
  13 kobolds
  6 rats
159 creatures vanquished.

Vanquished Creatures (others)
  A plant (D:7)
1 creature vanquished.

Grand Total: 160 creatures vanquished

Notes
Turn   | Place    | Note
-------+----------+-------------------------------------------
     0 | D:1      | Zonian the Vine Stalker Brigand began the quest for the
                  | Orb.
     0 | D:1      | Reached XP level 1. HP: 11/11 MP: 2/2
   137 | D:1      | Reached skill level 1 in Dodging
   137 | D:1      | Reached XP level 2. HP: 15/15 MP: 3/3
   154 | D:1      | Reached skill level 5 in Stealth
   382 | D:1      | Found a faded altar of an unknown god.
   395 | D:1      | Reached XP level 3. HP: 16/18 MP: 4/4
  1332 | D:2      | Gained mutation: Your natural rate of healing is unusually
                  | fast. [Vine Stalker growth]
  1332 | D:2      | Reached XP level 4. HP: 23/23 MP: 5/5
  1409 | D:2      | Reached skill level 6 in Stealth
  2211 | D:3      | Reached XP level 5. HP: 26/26 MP: 6/6
  3335 | D:4      | Reached skill level 7 in Stealth
  3335 | D:4      | Reached XP level 6. HP: 28/30 MP: 7/7
  3451 | D:4      | Found a sacrificial altar of Ru.
  4138 | D:5      | Entered Level 5 of the Dungeon
  4466 | D:5      | Reached skill level 8 in Stealth
  4466 | D:5      | Reached XP level 7. HP: 20/34 MP: 6/8
  4864 | D:5      | Reached skill level 5 in Short Blades
  5024 | D:5      | Noticed Sigmund
  5030 | D:5      | Killed Sigmund
  5031 | D:5      | Reached skill level 9 in Stealth
  5076 | D:5      | Gained mutation: You have razor-sharp teeth. [Vine Stalker
                  | growth]
  5076 | D:5      | Reached XP level 8. HP: 26/39 MP: 9/9
  5236 | D:5      | You fall into a shaft and drop 1 floor!
  5245 | D:6      | Noticed a shadow
  5291 | D:6      | Found a runed translucent door.
  5292 | D:6      | Noticed Crazy Yiuf
  5299 | D:6      | Killed Crazy Yiuf
  5524 | D:6      | Found a staircase to the Ecumenical Temple.
  5533 | Temple   | Entered the Ecumenical Temple
  5742 | D:6      | Reached skill level 10 in Stealth
  5869 | D:6      | Found a hide-covered altar of Uskayaw.
  5877 | D:6      | Became a worshipper of Uskayaw the Reveller
  6001 | D:6      | Killed a shadow
  6001 | D:6      | Reached * piety under Uskayaw
  6002 | D:6      | Reached skill level 1 in Invocations
  6027 | D:6      | Reached ** piety under Uskayaw
  6030 | D:6      | Reached *** piety under Uskayaw
  6361 | D:7      | Reached XP level 9. HP: 42/42 MP: 12/12
  6839 | D:7      | Identified the +1 ring mail of Errojefi {rElec Str+8 Dex+2}
  6901 | D:7      | Found Beto Bympy's Hydra Hut.
  6929 | D:7      | Noticed a seven-headed hydra
  6932 | D:7      | Bought a +1 hand crossbow of freezing for 133 gold pieces
  7036 | D:7      | Got Sif Muna's Lectures on Quantum Left-Handed Spells
  7259 | D:8      | Noticed a boulder beetle
  7424 | D:8      | Found a shimmering altar of Xom.
  7557 | D:8      | Reached skill level 5 in Invocations
  7564 | D:8      | Reached **** piety under Uskayaw
  7719 | D:8      | Found a hazy altar of Hepliaklqana.
  7722 | D:8      | Found a stormy altar of Qazlal.
  7723 | D:8      | Found a radiant altar of Vehumet.
  7963 | D:8      | HP: 1/42 [killer bee (4)]
  7964 | D:8      | Slain by a killer bee

Illustrated notes

Levels and vault maps discovered:
D:1:      minmay_arrival_up_and_down, layout_basic,
          hellmonk_ecumenical_altar_arch_garden, serial_rivers,
          chequers_serial_rivers_micro_c, chequers_serial_rivers_micro_b,
          chequers_serial_rivers_large_b, chequers_serial_rivers_micro_b
D:2:      layout_basic, minmay_tall_x
D:3:      minmay_general_purpose_star, layout_basic,
          minmay_fractal_squares_gapless_5
D:4:      layout_loops_corners, nicolae_ru_sacrificial_ziggurat
D:5:      layout_gridville, uniq_sigmund
D:6:      layout_loops_ring, mainiacjoe_overflow_alcove_1, temple_doors_e,
          st_stairs_4, uniq_crazy_yiuf_cottage
D:7:      layout_loops_ring, doesnt_shop_hydraphobe
D:8:      layout_loops_ring, mainiacjoe_overflow_concentric_impassable,
          grunt_temple_overflow_open, minmay_diamond_spiral
Temple:   hellmonk_temple_flake

Skill      XL: |  1  2  3  4  5  6  7  8  9 |
---------------+----------------------------+-----
Dodging        | 1 |  1.0
Stealth        | 5 6 7 8 9 10 | 10.0
Short Blades   | 2 3 4 5 7 8 |  8.6
Invocations    | 3 6 |  6.1
Fighting       | |  1.9
Throwing       | |  1.9

Action                   |  1- 3 |  4- 6 |  7- 9 || total
-------------------------+-------+-------+-------++-------
Melee: Dagger            |    95 |   131 |   181 ||   407
       Bite              |    24 |    25 |    53 ||   102
       Punch             |     1 |     1 |     5 ||     7
 Fire: Sling             |       |    40 |       ||    40
Throw: Boomerang         |       |       |     5 ||     5
       Dart              |       |       |     3 ||     3
Invok: Line Pass         |       |       |     1 ||     1
  Use: Scroll            |       |    12 |     8 ||    20
 Stab: Sleeping          |    11 |    11 |    17 ||    39
       Distracted        |       |     3 |     1 ||     4
       Paralysed         |       |       |     2 ||     2
Armor: Robe              |    32 |    20 |    28 ||    80
Dodge: Dodged            |    59 |    99 |   111 ||   269

Table legend: (Time is in decaauts)
 A = Elapsed time spent in this place.
 B = Non-inter-level travel time spent in this place.
 C = Inter-level travel time spent in this place.
 D = Time resting spent in this place.
 E = Time spent auto-exploring this place.
 F = Levels seen in this place.
 G = Mean time per level.
                   A        B        C        D        E       F      G
               +--------+--------+--------+--------+--------+-----+--------+
         Total |   7903 |   7714 |    189 |   1718 |   4038 |   9 |  878.1 |
       Dungeon |   7753 |   7564 |    189 |   1718 |   3911 |   8 |  969.1 |
        Temple |    149 |    149 |      0 |      0 |    127 |   1 |  149.0 |
               +--------+--------+--------+--------+--------+-----+--------+

Top non-repeatable levels by time:
     D:3: 1427 daAuts
     D:1: 1223 daAuts
     D:5: 1083 daAuts
     D:6: 896 daAuts
     D:4: 881 daAuts
     D:8: 813 daAuts
     D:7: 811 daAuts
     D:2: 617 daAuts
  Temple: 149 daAuts
